 Dungeon Crawl Stone Soup version 0.20.1-1-g8b1a95d (webtiles) character file.

129811 kefirnik the Nimble (level 16, -12/109 HPs)
             Began as a Mummy Abyssal Knight on Dec 8, 2017.
             Was the Champion of Lugonu.
             Collided with some deep water (28 damage)
             ... caused by Bai Suzhen
             ... on level 4 of the Swamp.
             The game lasted 02:15:07 (36726 turns).

kefirnik the Nimble (Mummy Abyssal Knight)         Turns: 36726, Time: 02:15:08

Health: -12/109    AC: 23    Str: 16    XL:     16   Next: 51%
Magic:  23/23      EV: 16    Int: 16    God:    Lugonu [******]
Gold:   1826       SH: 12    Dex: 17    Spells: 10/15 levels left

rFire    . . .     SeeInvis .   b - +10 hunting sling "Jiejoupn" {venom, rPois rC+ Dex+2 Stlth+}
rCold    + + .     Gourm    .   G - +0 shield {rF+}
rNeg     + + +     Faith    .   y - +6 scale mail "Jiaziwir" {+Inv rElec rCorr}
rPois    ∞         Spirit   .   e - +2 helmet
rElec    +         Reflect  .   H - +1 cloak
rCorr    +         Harm     .   n - +2 pair of gloves
MR       ++...                  J - +2 pair of boots {Stlth+}
Stlth    ++........             g - amulet of regeneration
Regen    0.7/turn               A - +2 ring of dexterity
MPRegen  0.2/turn               F - +5 ring of slaying

@: slightly contaminated
A: no food or potions, fire vulnerability, cold resistance 1, negative energy
resistance 3, torment resistance, unbreathing, in touch with death 1
a: Depart the Abyss, Bend Space, Banish, Corrupt, Enter the Abyss, Brand Weapon
With Distortion, Renounce Religion, Evoke Invisibility


You were on level 4 of the Swamp.
You worshipped Lugonu.
Lugonu was exalted by your worship.
You were not hungry.

You visited 5 branches of the dungeon, and saw 24 of its levels.
You visited the Abyss 1 time.
You also visited: Labyrinth and Volcano.

You collected 2053 gold pieces.
You spent 227 gold pieces at shops.

Inventory:

Hand Weapons
 a - a +3 war axe of electrocution
 b - the +10 hunting sling "Jiejoupn" (weapon) {venom, rPois rC+ Dex+2 Stlth+}
   (You found it on level 4 of the Dungeon)

   It poisons the ammo it fires.
   It affects your dexterity (+2).
   It protects you from cold.
   It protects you from poison.
   It makes you more stealthy.
 w - the +7 hand axe of Terra Cotta {chop, +Inv rF+ MR+ Str-2}
   (You found it on level 6 of the Lair of Beasts)

   It inflicts extra damage upon your enemies.
   It affects your strength (-2).
   It protects you from fire.
   It affects your resistance to hostile enchantments.
   It lets you turn invisible.
 C - a +2 flail of distortion
Missiles
 f - 268 stones
 j - 4 throwing nets {!f!f}
 l - 29 tomahawks
 s - 181 sling bullets (quivered)
Armour
 e - a +2 helmet (worn)
 n - a +2 pair of gloves (worn)
 u - a +1 ring mail of fire resistance
 y - the +6 scale mail "Jiaziwir" (worn) {+Inv rElec rCorr}
   (You found it on level 7 of the Dungeon)

   It insulates you from electricity.
   It lets you turn invisible.
   It protects you from acid and corrosion.
 G - a +0 shield of fire resistance (worn)
 H - a +1 cloak (worn)
 I - the +5 ring mail of Gallantry {Regen+ MP+9 SInv Stlth+}
   (You found it on level 1 of the Lair of Beasts)

   It affects your magic capacity (+9).
   It lets you see invisible.
   It increases your rate of regeneration.
   It makes you more stealthy.
 J - a +2 pair of boots of stealth (worn)
 R - a +5 ring mail of magic resistance
Jewellery
 g - an amulet of regeneration (around neck)
 A - a +2 ring of dexterity (left hand)
 F - a +5 ring of slaying (right hand)
 P - an uncursed ring of resist corrosion
 Z - an uncursed ring of see invisible
Wands
 h - a wand of digging (7/24)
 k - a wand of lightning (7/15)
 z - a wand of iceblast (8/15)
 B - a wand of acid (4/15)
 D - a wand of scattershot (2/9)
 L - a wand of lightning (10/15)
 M - a wand of flame (26/48)
 Y - a wand of lightning (4/15)
Scrolls
 c - a scroll of fog {@r6!r}
 d - 3 scrolls of recharging
 i - a scroll of identify {@r1}
 m - a scroll of fear
 o - a scroll of torment {!r}
 p - 4 scrolls of magic mapping
 q - 4 scrolls of immolation {!r}
 r - 10 scrolls of remove curse {@r2}
 t - 5 scrolls of teleportation {@r4!r}
 x - 4 scrolls of blinking {@r5!r}
 K - a scroll of brand weapon {unknown}
 O - 2 scrolls of amnesia {unknown}
Miscellaneous
 v - a crystal ball of energy
 E - a lightning rod (4/4) {!a}
 N - a phantom mirror


   Skills:
 - Level 5.0 Fighting
 - Level 11.2(11.4) Axes
   Level 3.8(8.2) Polearms
 - Level 10.8 Slings
 * Level 2.0 Armour
 - Level 11.5 Dodging
 + Level 10.6 Shields
 - Level 10.0 Invocations
 + Level 9.0 Evocations


You had 10 spell levels left.
You knew the following spells:

 Your Spells              Type           Power        Failure   Level  Hunger
b - Song of Slaying       Chrm           #.......     94%         2    N/A
w - Spectral Weapon       Hex/Chrm       #.......     99%         3    N/A

Dungeon Overview and Level Annotations

Branches:
Dungeon (11/15)            Temple (1/1) D:6            Lair (6/6) D:11
  Swamp (4/4) Lair:2       Spider (0/4) Lair:3        Slime (0/5) Lair:6
    Orc (2/2) D:10            Elf (0/3) Orc:2

Altars:
Ashenzari
Cheibriados
Fedhas
Gozag
Hepliaklqana
Makhleb
Nemelex Xobeh
Qazlal
Ru
Sif Muna
Trog
Uskayaw
Yredelemnul
Zin
The Shining One

Shops:
Orc:1 %   Orc:2 ([**

Annotations:
D:5 Agrougrou's ghost, novice DsFi
Swamp:4 !bai, Bai Suzhen
Abyss:1 Blork the orc


Innate Abilities, Weirdness & Mutations

You do not eat or drink.
Your flesh is vulnerable to fire.
You are immune to poison.
Your flesh is cold resistant. (rC+)
You are immune to negative energy. (rN+++)
You are immune to unholy pain and torment.
You can survive without breathing.
You are in touch with the powers of death.


Message History

Press: ? - help, Shift-Dir - straight line, f/p - Bai Suzh'n
Aim: Bai Suzh'n (almost dead, poison'd, catchin' her breath) Ye shoot a slin' bullet.
Tha slin' bullet hits Bai Suzh'n.
Bai Suzh'n be almost dead.
Ye hear a splash.
Lightnin' arcs down from a storm cloud!
Firin' (i - inventory. (,) - cycle):
s - 182 slin' bullets (quiv'red)
Press: ? - help, Shift-Dir - straight line, f/p - Bai Suzh'n
Aim: Bai Suzh'n (almost dead, poison'd) Ye shoot a slin' bullet.
Tha slin' bullet hits Bai Suzh'n but does nay damage.
Bai Suzh'n looks as sick as possible!
Bai Suzh'n be almost dead.
Ye hear a splash.
Bai Suzh'n breathas water at ye.
Tha torrent o' water hits ye!
* * * LOW HITPOINT WARNIN'
* * * Ye be knocked back by tha torrent o' water.
Ye violently stop movin'!
Ye die...

♣♣♣♣♣ ♣♣≈.≈♣♣♣ ♣♣≈≈≈≈≈≈♣
♣.≈≈≈≈≈.♣ ♣♣♣♣♣ ♣..≈..≈.♣♣♣
♣♣♣♣≈.≈♣♣♣♣♣♣♣
♣♣♣....≈§.≈≈♣♣♣♣≈.≈≈≈≈≈....÷♣♣
♣..♣≈♣♣.≈≈≈≈≈≈≈.≈≈≈≈≈≈≈.≈≈≈♣≈.
♣..♣≈.≈≈≈≈≈≈≈..≈≈≈≈≈≈≈≈.≈≈≈..≈
♣≈≈♣≈♣♣♣≈≈≈≈≈@≈≈≈≈≈≈≈..≈≈≈.≈≈≈
♣♣♣♣♣♣♣♣♣....≈≈≈≈≈≈≈≈≈.≈≈≈≈♣♣♣
♣♣≈≈♣...≈≈≈§§§≈≈♣♣≈≈≈≈.♣**
♣≈.....≈≈≈≈§D§.♣♣♣≈≈≈≈♣♣*≈
♣♣♣♣..≈≈≈≈≈≈≈≈§§(♣♣ ♣.≈.≈♣*,≈
♣≈♣.≈≈≈≈≈≈≈§≈≈≈§.§♣♣♣♣♣♣♣♣≈≈≈
♣..≈≈≈≈≈≈≈≈≈≈≈.♣♣≈(((§♣♣*,,≈≈
♣♣.≈≈≈≈≈≈≈≈≈≈.≈♣♣♣.≈§§§♣**≈,≈
♣≈.≈≈≈..≈♣♣♣♣♣♣♣♣≈≈≈≈♣≈..≈≈*


You could see Bai Suzhen.

Vanquished Creatures
  Rupert (Lair:4)
  Kirke (Lair:4)
  Louise (Swamp:2)
  Aizul (Swamp:2)
  5 dire elephants (Lair:6)
  A minotaur (Lab)
  Josephine (Orc:1)
  Harold (Lair:2)
  13 hydras
  A catoblepas (Lair:6)
  6 ghost crabs
  Erica (D:10)
  An anaconda (Lair:6)
  11 two-headed ogres
  9 alligators
  16 death yaks
  An ogre mage (Orc:2)
  2 orc high priests
  2 deep trolls
  A death drake (Swamp:4)
  An unseen horror (D:11)
  7 swamp dragons
  2 spriggan druids
  A spectral hydra (Swamp:4)
  An orc knight (Orc:1)
  A phantasmal warrior (Swamp:4)
  2 shambling mangroves
  An ugly thing (Swamp:3)
  A manticore (D:11)
  4 oklob plants
  3 cyclopes
  A salamander (Volcano)
  10 elephants (Lair:6)
  8 black mambas
  A centaur skeleton (D:10)
  14 spiny frogs
  A rime drake (Lair:5)
  5 swamp worm zombies (Swamp:4)
  7 komodo dragons
  14 trolls
  2 hydra zombies (Swamp:4)
  2 tyrant leeches
  A polar bear (Lair:4)
  10 hornets
  Grinder (D:5)
  6 bog bodies
  2 alligator zombies (Swamp:4)
  17 slime creatures
  4 blink frogs (Lair:6)
  3 spectral swamp dragons (Swamp:4)
  10 hippogriffs
  9 dream sheep
  6 spriggans
  3 shadows
  A redback (Lair:3)
  Sigmund (D:3)
  6 wraiths
  A basilisk (Lair:1)
  21 yaks
  8 wyverns
  6 fire bats (Volcano)
  A hungry ghost (D:11)
  2 hogs
  2 steam dragons
  13 vampire mosquitoes
  A warg (D:10)
  19 insubstantial wisps
  23 swamp worms
  9 porcupines
  17 water moccasins
  3 sky beasts
  8 swamp drakes
  27 orc warriors
  3 swamp dragon zombies (Swamp:4)
  A necrophage (D:9)
  28 ogres
  16 wolves
  11 phantoms
  15 crocodiles
  3 centaurs
  2 big kobolds
  13 bullfrogs
  6 scorpions
  5 killer bees (D:10)
  2 electric eels (Lair:2)
  2 howler monkeys
  4 wights (D:7)
  A centaur zombie (D:5)
  2 bullfrog zombies
  6 crimson imps
  2 hounds
  4 jellies
  A bullfrog skeleton (D:8)
  20 orc priests
  Natasha (thrice) (D:2)
  6 iguanas
  26 orc wizards
  10 worker ants
  6 ogre zombies (D:10)
  A hound skeleton (D:5)
  2 worker ant zombies
  2 howler monkey zombies
  A swamp drake zombie (Swamp:4)
  7 gnolls
  2 howler monkey skeletons
  16 adders
  2 shadow imps
  An ooze (D:5)
  2 adder skeletons
  6 worms
  2 dart slugs
  7 leopard geckos
  76 orcs
  8 giant cockroaches
  6 goblins
  17 hobgoblins
  22 jackals
  3 quokkas
  2 ball pythons
  9 bats
  2 frilled lizards
  A giant cockroach zombie (D:5)
  A goblin skeleton (D:10)
  3 goblin zombies (D:10)
  2 hobgoblin zombies (D:10)
  2 jackal zombies
  12 kobolds
  4 orc skeletons (D:10)
  7 orc zombies (D:10)
  2 quokka skeletons (D:5)
  8 rats
  9 fungi
  13 plants
864 creatures vanquished.

Vanquished Creatures (others)
  A fire dragon (Volcano)
  An ogre mage (Orc:2)
  A hydra (Lair:2)
  A two-headed ogre (D:8)
  An alligator (Swamp:1)
  A slime creature (Swamp:1)
  An orc knight (Orc:1)
  4 ugly things
  2 salamanders (Volcano)
  Maurice (D:10)
  A tyrant leech (Swamp:4)
  3 wyverns (Volcano)
  A steam dragon (Volcano)
  A warg (D:10)
  2 insubstantial wisps (Swamp:3)
  A crocodile (Volcano)
  An orc wizard (D:10)
  An orc zombie (D:10)
  A bush (Lair:6)
  11 fungi
  15 plants
52 creatures vanquished.

Grand Total: 916 creatures vanquished

Notes
Turn   | Place    | Note
-------+----------+-------------------------------------------
     0 | Abyss:1  | kefirnik the Mummy Abyssal Knight began the quest for the Orb.
     0 | Abyss:1  | Reached XP level 1. HP: 18/18 MP: 2/2
     0 | Abyss:1  | Found a corrupted altar of Lugonu.
    30 | Abyss:1  | Found an iron altar of Okawaru.
    71 | Abyss:1  | Noticed a large abomination
    73 | Abyss:1  | Noticed a small abomination
    89 | Abyss:1  | Noticed a sixfirhy
    92 | D:1      | Escaped the Abyss
   253 | D:1      | Reached * piety under Lugonu
   286 | D:1      | Reached skill level 1 in Dodging
   305 | D:1      | Reached XP level 2. HP: 24/24 MP: 3/3
   861 | D:2      | Reached XP level 3. HP: 30/30 MP: 4/4
   885 | D:2      | Noticed Natasha
   915 | D:2      | Killed Natasha
  1044 | D:2      | Found a glowing silver altar of Zin.
  1106 | D:2      | Reached XP level 4. HP: 26/38 MP: 5/5
  1312 | D:2      | Found a bloodstained altar of Trog.
  1316 | D:2      | Reached ** piety under Lugonu
  1416 | D:2      | Noticed Natasha
  1434 | D:2      | Killed Natasha
  1594 | D:2      | Found a sacrificial altar of Ru.
  1594 | D:2      | Noticed Natasha
  1605 | D:2      | Killed Natasha
  1605 | D:2      | Reached XP level 5. HP: 43/43 MP: 6/6
  2100 | D:3      | Noticed Sigmund
  2331 | D:3      | Reached skill level 5 in Fighting
  2548 | D:3      | Found a faded altar of an unknown god.
  2769 | D:3      | Found a burning altar of Makhleb.
  2769 | D:3      | Noticed a cacodemon
  2803 | D:3      | Found a sparkling altar of Nemelex Xobeh.
  2973 | D:4      | Noticed an ogre
  3022 | D:4      | Reached XP level 6. HP: 51/51 MP: 7/7
  3269 | D:4      | Found a hide-covered altar of Uskayaw.
  3367 | D:4      | Found a hazy altar of Hepliaklqana.
  3409 | D:4      | Reached *** piety under Lugonu
  3475 | D:4      | Noticed Blork the orc
  3573 | D:4      | Reached XP level 7. HP: 31/56 MP: 9/9
  3714 | D:3      | Banished Blork the orc
  4346 | D:4      | Reached skill level 5 in Dodging
  5378 | D:4      | Reached XP level 8. HP: 42/62 MP: 11/11
  5493 | D:5      | Entered Level 5 of the Dungeon
  5788 | D:5      | Noticed Agrougrou's ghost (novice DsFi)
  5900 | D:4      | Got a transparent hunting sling
  5901 | D:4      | Identified the +10 hunting sling "Jiejoupn" {venom, rPois rC+ Dex+2 Stlth+} (You found it on level 4 of the Dungeon)
  6033 | D:5      | Noticed Grinder
  6037 | D:5      | Killed Grinder
  6037 | D:5      | Reached skill level 1 in Slings
  6248 | D:5      | Reached skill level 5 in Invocations
  6363 | D:5      | Found a shattered altar of Ashenzari.
  7523 | D:3      | Killed Sigmund
  7644 | D:6      | Found a staircase to the Ecumenical Temple.
  7653 | Temple   | Entered the Ecumenical Temple
  7728 | D:6      | Found a deep blue altar of Sif Muna.
  8077 | D:6      | Got a bronze chain mail
  8088 | D:6      | Identified the cursed +0 chain mail of Makhleb's Castigation {Stlth+} (You found it on level 6 of the Dungeon)
  8218 | D:6      | Reached XP level 9. HP: 68/68 MP: 13/13
  8252 | D:6      | Reached **** piety under Lugonu
  8768 | D:7      | Reached skill level 5 in Slings
  9367 | D:7      | Found a glowing golden altar of the Shining One.
  9818 | D:7      | Got a spiked scale mail
  9829 | D:7      | Identified the +6 scale mail "Jiaziwir" {+Inv rElec rCorr} (You found it on level 7 of the Dungeon)
 10101 | D:8      | Found an opulent altar of Gozag.
 10169 | D:8      | Found a blossoming altar of Fedhas.
 10322 | D:8      | Found a stormy altar of Qazlal.
 10322 | D:8      | Noticed a two-headed ogre
 10326 | D:8      | Banished a two-headed ogre
 10326 | D:8      | Reached XP level 10. HP: 74/74 MP: 15/15
 10487 | D:8      | Found a snail-covered altar of Cheibriados.
 10898 | D:9      | Noticed a two-headed ogre
 10956 | D:9      | Killed a two-headed ogre
 11089 | D:9      | Reached ***** piety under Lugonu
 11844 | D:10     | Entered Level 10 of the Dungeon
 12343 | D:10     | Reached skill level 1 in Axes
 12827 | D:10     | Found a staircase to the Orcish Mines.
 13189 | D:10     | Noticed Maurice
 13199 | D:10     | Killed Maurice
 13199 | D:10     | Reached XP level 11. HP: 26/79 MP: 16/16
 13791 | Orc:1    | Entered Level 1 of the Orcish Mines
 13791 | Orc:1    | Noticed an orc high priest
 13793 | Orc:1    | Noticed Erica
 14316 | D:10     | Killed an orc high priest
 14414 | D:10     | Killed Erica
 14688 | Orc:1    | Noticed Josephine
 14704 | Orc:1    | Killed Josephine
 14825 | Orc:2    | Entered Level 2 of the Orcish Mines
 14934 | Orc:2    | Noticed an orc knight
 15228 | Orc:1    | Banished an orc knight
 15494 | Orc:1    | Found Irphorph's Food Shoppe.
 15639 | Orc:2    | Noticed an orc knight
 15739 | Orc:1    | Killed an orc knight
 16164 | Orc:2    | Found a staircase to the Elven Halls.
 16356 | Orc:2    | Reached skill level 10 in Dodging
 16363 | Orc:2    | Noticed a two-headed ogre
 16414 | Orc:1    | Killed a two-headed ogre
 16414 | Orc:1    | Reached skill level 5 in Axes
 16414 | Orc:1    | Reached XP level 12. HP: 73/86 MP: 17/17
 16475 | Orc:2    | Noticed an ogre mage
 16480 | Orc:2    | Killed an ogre mage
 16621 | Orc:2    | Noticed a two-headed ogre
 16644 | Orc:2    | Killed a two-headed ogre
 16760 | Orc:2    | Noticed a two-headed ogre
 16762 | Orc:2    | Noticed a two-headed ogre
 16795 | Orc:1    | Killed a two-headed ogre
 16834 | Orc:2    | Found Baovuapn's General Store.
 16866 | Orc:2    | Noticed a two-headed ogre
 17158 | Orc:2    | Killed a two-headed ogre
 17159 | Orc:2    | Noticed a two-headed ogre
 17344 | Orc:2    | Killed a two-headed ogre
 17344 | Orc:2    | Reached skill level 10 in Slings
 17433 | Orc:2    | Found Ofuy's Weapon Emporium.
 17435 | Orc:2    | Noticed a two-headed ogre
 17442 | Orc:2    | Killed a two-headed ogre
 17459 | Orc:2    | Found Copum's General Store.
 17461 | Orc:2    | Noticed a two-headed ogre
 17465 | Orc:2    | Killed a two-headed ogre
 17468 | Orc:2    | Bought a scroll of enchant armour for 112 gold pieces
 17477 | Orc:2    | Noticed an ogre mage
 17495 | Orc:2    | Banished an ogre mage
 17604 | Orc:2    | Killed a two-headed ogre
 17615 | Orc:2    | Found Jamnul's Armour Shoppe.
 17634 | Orc:2    | Bought a +1 cloak for 115 gold pieces
 17873 | Orc:1    | Noticed an orc high priest
 18096 | Orc:1    | Killed an orc high priest
 18096 | Orc:1    | Gained mutation: You are in touch with the powers of death. [Mummy growth]
 18096 | Orc:1    | Reached XP level 13. HP: 91/91 MP: 18/18
 19116 | D:11     | Found a staircase to the Lair.
 19506 | Lair:1   | Entered Level 1 of the Lair of Beasts
 19888 | Lair:1   | Got a pitted ring mail
 19899 | Lair:1   | Identified the +5 ring mail of Gallantry {Regen+ MP+9 SInv Stlth+} (You found it on level 1 of the Lair of Beasts)
 20748 | Lair:2   | Found a dark tunnel.
 20764 | Volcano  | Entered a volcano
 20779 | Volcano  | Reached ****** piety under Lugonu
 21331 | Volcano  | Noticed a fire dragon
 21338 | Volcano  | Banished a fire dragon
 21540 | Lair:2   | Learned a level 3 spell: Spectral Weapon
 21543 | Lair:2   | Learned a level 2 spell: Song of Slaying
 21617 | Lair:2   | Noticed Harold
 21628 | Lair:2   | Reached skill level 1 in Shields
 21635 | Lair:2   | Killed Harold
 21682 | Lair:2   | Found a staircase to the Swamp.
 22537 | Lair:3   | Reached skill level 10 in Axes
 22537 | Lair:3   | Reached XP level 14. HP: 90/98 MP: 20/20
 22892 | Lair:3   | Found a hole to the Spider Nest.
 23488 | Lair:4   | Found a labyrinth entrance.
 23498 | Lab      | Entered a labyrinth
 24733 | Lab      | Identified the Grimoire of the Spatial Rocks
 24750 | Lab      | Got a translucent scale mail
 24752 | Lab      | Identified the +0 scale mail "Neopuus" {Regen+ MP+9 Stlth-} (You found it in a labyrinth)
 24823 | Lair:4   | Noticed Rupert
 24825 | Lair:4   | Noticed Kirke
 24857 | Lair:4   | Noticed a sphinx
 25677 | Lair:4   | Killed Rupert
 25824 | Lair:4   | Killed Kirke
 25949 | Lair:4   | Reached skill level 5 in Shields
 26892 | Lair:6   | Entered Level 6 of the Lair of Beasts
 27450 | Lair:6   | Found a staircase to the Slime Pits.
 28237 | Lair:6   | Got a blackened leather armour
 28248 | Lair:6   | Identified the +1 leather armour of the Harp {*Drain MP+9 Int+8 Dex+2} (You found it on level 6 of the Lair of Beasts)
 28870 | Lair:6   | Reached XP level 15. HP: 72/103 MP: 22/22
 30538 | Lair:6   | Got a blackened hand axe
 30539 | Lair:6   | Identified the +7 hand axe of Terra Cotta {chop, +Inv rF+ MR+ Str-2} (You found it on level 6 of the Lair of Beasts)
 30766 | Swamp:1  | Entered Level 1 of the Swamp
 30910 | Swamp:1  | Reached skill level 10 in Invocations
 30925 | Swamp:1  | Reached skill level 1 in Evocations
 32492 | Swamp:2  | Noticed Aizul
 32536 | Swamp:2  | Killed Aizul
 32585 | Swamp:2  | Noticed Louise
 32633 | Swamp:2  | Killed Louise
 32633 | Swamp:2  | Reached skill level 5 in Evocations
 33862 | Swamp:3  | Reached XP level 16. HP: 15/109 MP: 23/23
 34139 | Swamp:3  | Reached skill level 10 in Shields
 35022 | Swamp:4  | Entered Level 4 of the Swamp
 35127 | Swamp:4  | Noticed Bai Suzhen
 36726 | Swamp:4  | Collided with some deep water

Skill      XL: |  1  2  3  4  5  6  7  8  9 10 11 12 13 14 15 16 |
---------------+-------------------------------------------------+-----
Dodging        | 1 2 3 4 5 6 8 10 11 | 11.5
Fighting       | 4 5 |  5.0
Invocations    | 2 3 4 5 7 8 9 10 | 10.0
Slings         | 4 7 8 9 10 | 10.8
Polearms       | 2 3 |  3.8
Axes           | 2 5 8 10 11 | 11.2
Shields        | 2 7 9 10 | 10.6
Evocations     | 6 9 |  9.0
Armour         | 2 |  2.0

Action                   |  1- 3 |  4- 6 |  7- 9 | 10-12 | 13-15 | 16-18 || total
-------------------------+-------+-------+-------+-------+-------+-------++-------
Melee: Spear             |   109 |   318 |   605 |   123 |       |       ||  1155
       Hunting sling     |       |       |     2 |       |       |       ||     2
       War axe           |       |       |       |   293 |  1127 |   412 ||  1832
       Scimitar          |       |       |       |       |     1 |       ||     1
 Fire: Hunting sling     |       |       |   154 |   524 |   652 |   107 ||  1437
Throw: Stone             |    44 |    99 |   147 |   171 |   426 |    69 ||   956
Invok: Depart the Abyss  |     1 |       |       |       |       |       ||     1
       Banish            |       |       |     1 |    13 |    14 |     2 ||    30
       Bend Space        |       |       |       |     5 |     4 |       ||     9
 Abil: Evoke Invisibilit |       |       |       |       |       |     3 ||     3
Evoke: Wand              |       |       |       |     2 |     6 |     1 ||     9
  Use: Scroll            |       |     5 |     9 |     5 |    16 |     5 ||    40
 Stab: Sleeping          |       |     1 |       |       |     5 |       ||     6
       Petrified         |       |       |       |       |     3 |       ||     3
       Invisible         |       |       |       |       |       |    11 ||    11
       Confused          |       |       |       |       |       |     1 ||     1
Armor: Leather armour    |    33 |    84 |   149 |   175 |    55 |       ||   496
       Steam dragon scal |       |       |       |     2 |       |       ||     2
       Ring mail         |       |       |       |       |   342 |    66 ||   408
       Scale mail        |       |       |       |       |       |   127 ||   127
Dodge: Dodged            |    48 |   218 |   385 |   507 |   748 |   281 ||  2187
Block: Shield            |       |       |       |       |   445 |   282 ||   727
